 Dungeon Crawl Stone Soup version 0.29.0-13-gc9e81de378 (webtiles) character file.

Game seed: 349227202529875430

1929 Ofeo the Covered (level 8, -5/74 HPs)
             Began as a Minotaur Fighter on Sept 11, 2022.
             Was a Believer of Okawaru.
             Slain by a yak (10 damage)
             ... on level 7 of the Dungeon.
             The game lasted 00:03:44 (6359 turns).

Ofeo the Covered (Minotaur Fighter)                 Turns: 6359, Time: 00:03:44

Health: -5/74      AC:  8    Str: 28    XL:     8   Next: 96%
Magic:  7/7        EV:  9    Int:  5    God:    Okawaru [**....]
Gold:   163        SH:  5    Dex: 11    Spells: 7/7 levels left

rFire   . . .      SeeInvis .   a - +1 war axe
rCold   . . .      Faith    .   c - +0 buckler
rNeg    . . .      Spirit   .   b - +0 scale mail
rPois   +          Reflect  .   (helmet restricted)
rElec   .          Harm     .   (no cloak)
rCorr   .          Rampage  .   (no gloves)
Will    .....                   (no boots)
Stlth   ..........              (no amulet)
HPRegen 0.22/turn               o - ring of poison resistance
MPRegen 0.10/turn               l - +6 ring of strength

@: no status effects
A: horns 2, retaliatory headbutt
a: Renounce Religion, Heroism


You were on level 7 of the Dungeon.
You worshipped Okawaru.
Okawaru was pleased with you.
You visited 2 branches of the dungeon, and saw 8 of its levels.

You collected 247 gold pieces.
You spent 84 gold pieces at shops.

Inventory:

Hand Weapons
 a - a +1 war axe (weapon)
Missiles
 k - 5 javelins (quivered)
Armour
 b - a +0 scale mail (worn)
 c - a +0 buckler (worn)
Jewellery
 h - a ring of fire
 l - a +6 ring of strength (right hand)
 m - a ring of protection from fire
 o - a ring of poison resistance (left hand)
Wands
 e - a wand of flame (21)
 g - a wand of quicksilver (11)
Scrolls
 f - a scroll of blinking {@r4}
 i - 4 scrolls of identify {@r1}
 j - a scroll of enchant weapon
 n - a scroll of fear
 q - a scroll of silence {unknown}
Potions
 d - a potion of cancellation


   Skills:
 + Level 7.8 Fighting
 + Level 7.3 Axes
 + Level 7.9 Armour
 + Level 7.9 Shields


You had 7 spell levels left.
You didn't know any spells.
Your spell library contained the following spells:

 Spells                   Type           Power      Damage    Failure   Level
 Shock                    Conj/Air       0%         1d3       78%         1
 Gell's Gravitas          Tloc           0%         N/A       98%         3
 Lesser Beckoning         Tloc           0%         N/A       98%         3
 Swiftness                Air            0%         N/A       98%         3
 Teleport Other           Tloc           0%         N/A       98%         3
 Airstrike                Air            0%         2d(0-16)  100%        4


Dungeon Overview and Level Annotations

Branches:
Dungeon (7/15)             Temple (1/1) D:4

Altars:
Cheibriados
Dithmenos
Elyvilon
Fedhas
Gozag
Hepliaklqana
Makhleb
Nemelex Xobeh
Okawaru
Qazlal
Sif Muna
Trog
Uskayaw
Vehumet
Wu Jian
Xom
Yredelemnul
Zin
The Shining One

Shops:
D:4 *   D:5 *?

Annotations:
Temple 2 transporters


Innate Abilities, Weirdness & Mutations

You have a pair of horns on your head.
You reflexively headbutt those who attack you in melee.


Message History

The yak is severely wounded.
You barely miss the yak. The yak barely misses you. The yak gores you.
You slash the yak!
You kill the yak!
Okawaru accepts your kill.
You hit the yak. You hit the yak but do no damage. The yak closely misses you.
You furiously retaliate!
You headbutt the yak, but do no damage.
Your life force feels restored.
You slash the yak!
The yak is heavily wounded.
You slash the yak! You hit the yak but do no damage.
You block the yak's attack. The yak gores you.
You take 2 damage, and have 60/74 hp.
You hit the yak but do no damage. Your headbutt misses the yak.
The yak is heavily wounded.
You barely miss the yak. x2; You slash the yak!
The yak gores you! The yak gores you. The yak gores you but does no damage.
The yak barely misses you. You furiously retaliate!
You headbutt the yak!
You take 8 damage, and have 52/74 hp.
You hit the yak.
The yak is heavily wounded.
You slash the yak! You hit the yak. x2; You slash the yak! The yak gores you.
You block the yak's attack. x2; The yak gores you! x2
You take 27 damage, and have 25/74 hp.
MASSIVE DAMAGE!!
The yak attacks as you move away! The yak gores you.
* * * LOW HITPOINT WARNING * * *
The yak attacks as you move away! The yak gores you.
* * * LOW HITPOINT WARNING * * *
The yak attacks as you move away! The yak gores you!
* * * LOW HITPOINT WARNING * * *
You block the yak's attack.
You take 17 damage, and have 8/74 hp.
MASSIVE DAMAGE!!
Found 7 stones.
You block the yak's attack. The yak closely misses you.
The yak attacks as you move away! The yak gores you.
* * * LOW HITPOINT WARNING * * *
You take 3 damage, and have 5/74 hp.
The yak attacks as you move away! The yak gores you!
You die...

### ..# .. # ######.#
.## ##.#.... ...#...
#.(....##.....?.
#..............#
#...@Y.# .....
##.##YY##...... #
#####YY..#......
#.###..#............
........##...........
........#............
##................#...
#......#...$......# ..
...##.###.......##


You could see 4 yaks.

Vanquished Creatures
  Prince Ribbit (D:5)
  A yak (D:7)
  A water moccasin (D:5)
  An orc warrior (D:6)
  A sky beast (D:7)
  2 ogres
  A phantom (D:5)
  A kobold brigand (D:6)
  2 scorpions
  4 wights
  A howler monkey (D:5)
  A jelly (D:4)
  A gnoll bouda (D:4)
  An orc priest (D:3)
  6 hounds
  3 orc wizards
  3 iguanas
  13 gnolls
  A shadow imp (D:6)
  A white imp (D:5)
  An ufetubus (D:5)
  2 worms
  2 dart slugs
  21 orcs
  3 bats
  2 endoplasms (D:4)
  5 goblins (D:4)
  7 hobgoblins
  10 kobolds
  2 frilled lizards
  A rat (D:1)
102 creatures vanquished.

Notes
Turn   | Place    | Note
-------+----------+-------------------------------------------
     0 | D:1      | Ofeo the Minotaur Fighter began the quest for the Orb.
     0 | D:1      | Reached XP level 1. HP: 19/19 MP: 0/0
   162 | D:3      | Reached XP level 2. HP: 25/27 MP: 1/1
   806 | D:3      | Reached XP level 3. HP: 6/33 MP: 2/2
  1144 | D:3      | Reached XP level 4. HP: 21/41 MP: 3/3
  1410 | D:4      | Reached XP level 5. HP: 47/47 MP: 4/4
  1642 | D:4      | Found a staircase to the Ecumenical Temple.
  1663 | Temple   | Entered the Ecumenical Temple
  1663 | Temple   | Found a transporter.
  1663 | Temple   | Found a transporter.
  1674 | Temple   | Found a transporter.
  1674 | Temple   | Found a transporter.
  1698 | Temple   | Became a worshipper of Warmaster Okawaru
  1781 | D:4      | Reached skill level 5 in Armour
  1781 | D:4      | Reached skill level 5 in Shields
  1860 | D:4      | Reached skill level 5 in Fighting
  1983 | D:4      | Reached XP level 6. HP: 31/56 MP: 5/5
  2244 | D:4      | Found a hide-covered altar of Uskayaw.
  2520 | D:4      | Found Dileq's Assorted Antiques.
  2526 | D:4      | Bought a scroll labelled ZEUMEA ZUMIR for 29 gold pieces
  2526 | D:4      | Bought a scroll labelled ZEUMEA ZUMIR for 29 gold pieces
  2526 | D:4      | Bought a lumpy amethyst potion for 26 gold pieces
  2824 | D:5      | Entered Level 5 of the Dungeon
  2970 | D:5      | Found a basalt altar of Yredelemnul.
  3029 | D:5      | Reached * piety under Okawaru
  3030 | D:5      | Reached skill level 5 in Axes
  3030 | D:5      | Reached XP level 7. HP: 54/62 MP: 6/6
  3186 | D:5      | Found Eshroor's Magic Scroll Boutique.
  3358 | D:5      | Found Bybei's Overcharged Wands.
  3430 | D:5      | Noticed Prince Ribbit
  3449 | D:5      | Killed Prince Ribbit
  4110 | D:5      | Found a stormy altar of Qazlal.
  4711 | D:6      | Reached ** piety under Okawaru
  4712 | D:6      | Reached XP level 8. HP: 71/71 MP: 7/7
  5686 | D:6      | Found an opulent altar of Gozag.
  6359 | D:7      | Slain by a yak

Illustrated notes

Levels and vault maps discovered:
D:1:      noname_arrival_rooms_in_the_neighbourhood, layout_basic,
          reono_crystal_passage
D:2:      layout_rooms, serial_shops, shop
D:3:      layout_loops_corners, lemuel_zombie_altar_kikubaaqudgha,
          mainiacjoe_overflow_small_starburst, ebering_dispersal_statue_hall
D:4:      layout_loops_ring, kennysheep_mini_moat,
          minmay_temple_entry_water_ring, nicolae_stop_n_shop_2
D:5:      layout_gridville, mainiacjoe_overflow_concentric_impassable,
          grunt_qazlal_sundering, serial_shops, shop, nrook_mini_backslash,
          nicolae_shop_overcharged_wands, uniq_prince_ribbit1
D:6:      layout_loops_ring, general_overflow_altar, serial_bayou_pond_e,
          sigmund_army
D:7:      layout_cave_pools
Temple:   hellmonk_temple_divided_pantheon

Skill      XL: |  1  2  3  4  5  6  7  8 |
---------------+-------------------------+-----
Armour         | 4 5 6 7 |  7.9
Shields        | 4 5 6 7 |  7.9
Fighting       | 4 5 6 7 |  7.8
Axes           | 3 4 5 6 7 |  7.3

Action                   |  1- 3 |  4- 6 |  7- 9 || total
-------------------------+-------+-------+-------++-------
Melee: War axe           |    44 |    81 |   109 ||   234
       Headbutt          |     6 |    14 |    20 ||    40
  Use: Potion            |       |     3 |     2 ||     5
       Scroll            |       |     4 |       ||     4
Armor: Scale mail        |    17 |    34 |    42 ||    93
Dodge: Dodged            |    26 |    24 |    55 ||   105
Block: Buckler           |    11 |    16 |    31 ||    58
